cohdb
Replays
Latest Replays
All Replays
Popular Replays
Top Player Replays
Match Explorer
How It Works
Community
CoH3 Stats
Reddit
Sign in to upload your games and track your stats! →
Sign in with Steam
Match 45172481
Unlisted
Match 45172481
Overview
Messages
Build Orders
End
Construct Infanterie Kompanie
Selects Breakthrough Battlegroup
Grenadier Squad
Grenadier Squad
MG 42 Machine Gun Team
GrW 34 Mortar Team
Selects Assault Grenadiers
Selects Breakthrough
Infanterie Officer Quarters
Grenadier Squad
Grenadier Squad
Construct Luftwaffe Kompanie
Medical Station
221 Scout Car
Selects Rapid Production
Jäger Squad
Jäger Squad
Construct Panzergrenadier Kompanie
Selects Blitzkrieg
Panzergrenadier Squad
Pak 40 Anti-tank Gun Team
Grenadier Squad
Selects Mechanized Assault Group
251 Medium Carrier
Pak 40 Anti-tank Gun Team
Pioneer Squad
Selects Tiger Heavy Tank
Tiger Heavy Tank
Pioneer Squad
Grenadier Squad
pagep
7k this year for sure
GoLdenCoBRaaa
BassAngler5000
0
0
Comments
sign in to comment!
No comments posted yet!